 Dungeon Sprint DCSS version 0.20-a0-785-g17250f0 (webtiles) character file.

17201 Kidiri the Eclecticist (level 12, 0/74 HPs)
             Began as a Deep Elf Fire Elementalist on Feb 27, 2017.
             Was the Champion of Vehumet.
             Succumbed to poison (poison gas)
             ... in the Dungeon (Sprint III: "The Ten Rune Challenge").
             The game lasted 00:24:00 (4913 turns).

Kidiri the Eclecticist (Deep Elf Fire Elementalist) Turns: 4913, Time: 00:24:01

Health: 0/74       AC:  4    Str:  5    XL:     12   Next: 16%
Magic:  5/35       EV: 21    Int: 26    God:    Vehumet [******]
Gold:   39         SH:  0    Dex: 17    Spells: 5/45 levels left

rFire    + . .     SeeInvis .   t - +0 dagger
rCold    . . .     Gourm    .   b - +2 robe {rF+}
rNeg     . . .     Faith    .   (no shield)
rPois    .         Spirit   .   (no helmet)
rElec    .         Reflect  .   (no cloak)
rCorr    .         Harm     .   (no gloves)
MR       +....     Clarity  +   (no boots) Stlth ++........NoTele +
                                (no amulet)
Regen    0.3/turn               (no ring)
MPRegen  0.3/turn               (no ring)

@: lethally poisoned (0 -> -5)
A: agile 1, clarity
a: Renounce Religion


You were in the Dungeon.
You worshipped Vehumet.
Vehumet was exalted by your worship.
You were not hungry.

You visited 1 branch You collected 39 gold pieces.

Inventory:

Hand Weapons
 t - a +0 dagger (weapon)
Armour
 b - a +2 robe of fire resistance (worn)
 u - a +0 large shield
Scrolls
 l - a scroll of holy word
 n - a scroll of remove curse {unknown}
 r - a scroll of torment {unknown}
Potions
 g - a potion of magic
 h - a potion of berserk rage
 p - 3 potions of brilliance
 q - 3 potions of flight
Comestibles
 a - 25 royal jellies


   Skills:
 + Level 8.2 Fighting
 + Level 8.1 Short Blades
 + Level 8.2 Armour
 + Level 12.1 Dodging
 - Level 2.4 Stealth
 + Level 6.1 Shields
 * Level 17.2 Spellcasting
 + Level 10.9 Conjurations
 + Level 11.2 Fire Magic
 + Level 8.4 Ice Magic
 + Level 8.2 Air Magic
 + Level 6.6 Earth Magic
 + Level 9.1 Poison Magic


You had 5 spell levels left.
You knew the following spells:

 Your Spells              Type           Power        Failure   Level  Hunger
a - Flame Tongue          Conj/Fire      #####        1%          1    None
b - Throw Flame           Conj/Fire      ######       1%          2    None
c - Conjure Flame         Conj/Fire      ######..     1%          3    None
d - Inner Flame           Hex/Fire       ######..     1%          3    None
e - Ignite Poison         Fire/Tmut/Pois ######..     1%          3    None
f - Sticky Flame          Conj/Fire      ######..     1%          4    None
g - Fireball              Conj/Fire      ######....   1%          5    None
h - Bolt of Magma         Conj/Fire/Erth ######....   1%          5    None
i - Bolt of Fire          Conj/Fire      ######....   1%          6    ###....
j - Airstrike             Air            ######....   1%          4    None
k - Mephitic Cloud        Conj/Pois/Air  ######..     1%          3    None
l - Freeze                Ice            ####         1%          1    None


Dungeon Overview and Level Annotations

Branches:
Dungeon (1/1)

Altars:
Cheibriados
Dithmenos
Elyvilon
Fedhas
Gozag
Hepliaklqana
Kikubaaqudgha
Makhleb
Nemelex Xobeh
Okawaru
Qazlal
Ru
Sif Muna
Trog
Uskayaw
Vehumet
Wu Jian
Xom
Yredelemnul
Zin
The Shining One
Beogh
Jiyva
Lugonu

Shops:
D ?=

Annotations:
D exclusion: 2 doors


Innate Abilities, Weirdness & Mutations

You are agile. (Dex +2)
You possess an exceptional clarity of mind.


Message History

You feel sick.
There is an open door to the Swamp here.
* * * LOW HITPOINT WARNING * * *
You feel sick.
You close the door.
* * * LOW HITPOINT WARNING * * *
You feel sick.
* * * LOW HITPOINT WARNING * * *
You feel sick.
* * * LOW HITPOINT WARNING * * *
You feel sick.
* * * LOW HITPOINT WARNING * * *
You feel sick.
* * * LOW HITPOINT WARNING * * *
You feel sick.
* * * LOW HITPOINT WARNING * * *
You feel sick.
* * * LOW HITPOINT WARNING * * *
You feel sick.
You die...

#≈≈§§§≈.≈≈♣♣♣♣♣♣♣#..♣♣
#≈≈≈≈≈≈≈.≈♣ ###+♣♣♣♣♣
#+####'#######♣
♣♣♣♣.##..#
...............♣♣
♣...##.##.
#+#############'♣
♣♣.##%##.#
#≈....÷%..%..♣
♣..#.##.)
.+≈≈...########♣♣
♣♣.##.##.
J.#≈≈≈.........PP♣
♣♣.##.###
J.#≈≈≈≈....@....P♣
♣.....#
###########+####
####### #.♣♣ #♣.♣ ♣.♣♣
♣♣.♣ ♣.♣♣ ♣÷♣♣ ♣..♣


There were no monsters in sight!

Vanquished Creatures
  Rupert (D)
  Erolcha (D)
  4 death yaks (D)
  Urug (D)
  4 swamp dragons (D)
  A lindwurm (D)
  A deep elf mage (D)
  2 black mambas (D)
  A rime drake (D)
  2 spiny frogs (D)
  A komodo dragon (D)
  A queen bee (D)
  3 wandering mushrooms (D)
  2 tyrant leeches (D)
  8 blink frogs (D)
  A shadow (D)
  5 redbacks (D)
  A spatial vortex (D)
  3 swamp drakes (D)
  A necrophage (D)
  5 two-headed ogres (D)
  A water elemental (D)
  32 killer bees (D)
  A jelly (D)
  A wizard (D)
  A necromancer (D)
  3 humans (D)
  A kobold demonologist (D)
  A wolf (D)
  An ooze (D)
  3 rats (D)
  A plant (D)
95 creatures vanquished.

Vanquished Creatures (others)
  2 draconian scorchers (D)
  6 hellions (D)
  2 yaktaurs (D)
  4 plants (D)
14 creatures vanquished.

Grand Total: 109 creatures vanquished

Notes
Turn   | Place    | Note
-------+----------+-------------------------------------------
     0 | D        | Kidiri the Deep Elf Fire Elementalist began the quest for the Orb.
     0 | D        | Reached XP level 1. HP: 10/10 MP: 6/6
    12 | D        | Reached skill level 1 in Fighting
    68 | D        | Reached skill level 4 in Spellcasting
    70 | D        | Killed a yaktaur
    99 | D        | Killed a hellion
   100 | D        | Killed a hellion
   100 | D        | Killed a hellion
   110 | D        | Noticed a wolf
   114 | D        | Killed a wolf
   114 | D        | Reached skill level 1 in Armour
   114 | D        | Reached XP level 2. HP: 12/16 MP: 4/9
   119 | D        | Learned a level 2 spell: Throw Flame
   120 | D        | Killed a hellion
   121 | D        | Killed a hellion
   152 | D        | Killed a hellion
   194 | D        | Reached skill level 5 in Spellcasting
   194 | D        | Reached XP level 3. HP: 20/21 MP: 0/11
   199 | D        | Learned a level 3 spell: Conjure Flame
   203 | D        | Learned a level 3 spell: Inner Flame
   223 | D        | Gained mutation: You are weak. (Str -2) [potion of mutation]
   223 | D        | Gained mutation: You are clumsy. (Dex -2) [potion of mutation]
   223 | D        | Gained mutation: You are partially covered in iridescent scales. (AC +2) [potion of mutation]
   224 | D        | Lost mutation: You are partially covered in iridescent scales. (AC +2) [potion of mutation]
   224 | D        | Lost mutation: You are weak. (Str -2) [potion of mutation]
   224 | D        | Lost mutation: You are clumsy. (Dex -2) [potion of mutation]
   224 | D        | Gained mutation: You possess an exceptional clarity of mind. [potion of mutation]
   224 | D        | Gained mutation: You are agile. (Dex +2) [potion of mutation]
   233 | D        | Killed a white draconian scorcher
   234 | D        | Killed a white draconian scorcher
   291 | D        | Noticed a water elemental
   293 | D        | Killed a water elemental
   293 | D        | Reached skill level 6 in Spellcasting
   293 | D        | Reached XP level 4. HP: 27/27 MP: 6/14
   299 | D        | Learned a level 4 spell: Sticky Flame
   392 | D        | Found a radiant altar of Vehumet.
   393 | D        | Found a deep blue altar of Sif Muna.
   393 | D        | Found an ancient bone altar of Kikubaaqudgha.
   393 | D        | Noticed a wizard
   397 | D        | Noticed a chaos spawn
   398 | D        | Killed a wizard
   398 | D        | Reached skill level 5 in Dodging
   398 | D        | Reached skill level 7 in Spellcasting
   398 | D        | Reached skill level 5 in Fire Magic
   402 | D        | Reached XP level 5. HP: 18/32 MP: 2/17
   414 | D        | Learned a level 5 spell: Fireball
   417 | D        | Became a worshipper of Vehumet
   551 | D        | Found a glowing silver altar of Zin.
   552 | D        | Found a glowing golden altar of the Shining One.
   552 | D        | Found a white marble altar of Elyvilon.
   552 | D        | Noticed a deep elf mage
   572 | D        | Killed a deep elf mage
   572 | D        | Reached skill level 10 in Spellcasting
   572 | D        | Reached XP level 6. HP: 29/39 MP: 7/21
   572 | D        | Reached XP level 7. HP: 33/44 MP: 7/23
   577 | D        | Learned a level 3 spell: Mephitic Cloud
   659 | D        | Found a hide-covered altar of Uskayaw.
   659 | D        | Found a roughly hewn altar of Beogh.
   659 | D        | Found an iron altar of Okawaru.
   659 | D        | Found a bloodstained altar of Trog.
   659 | D        | Found an ornate altar of the Wu Jian Council.
   659 | D        | Noticed a human
   661 | D        | Noticed a human
   668 | D        | Killed a human
   668 | D        | Reached skill level 1 in Short Blades
   668 | D        | Reached skill level 11 in Spellcasting
   668 | D        | Reached skill level 1 in Air Magic
   668 | D        | Reached skill level 1 in Poison Magic
   673 | D        | Killed a human
   673 | D        | Reached * piety under Vehumet
   673 | D        | Offered knowledge of Freeze by Vehumet.
   673 | D        | Reached skill level 5 in Fighting
   673 | D        | Reached skill level 5 in Armour
   681 | D        | Learned a level 1 spell: Freeze
   797 | D        | Found a basalt altar of Yredelemnul.
   797 | D        | Found a shadowy altar of Dithmenos.
   797 | D        | Found a sacrificial altar of Ru.
   876 | D        | Noticed a shadow
   879 | D        | Reached ** piety under Vehumet
   879 | D        | Offered knowledge of Shock by Vehumet.
   879 | D        | Reached skill level 1 in Ice Magic
   881 | D        | Killed a shadow
   881 | D        | Reached skill level 1 in Shields
   881 | D        | Reached skill level 12 in Spellcasting
   881 | D        | Reached XP level 8. HP: 44/49 MP: 16/26
   927 | D        | Found a blossoming altar of Fedhas.
   927 | D        | Found a stormy altar of Qazlal.
   928 | D        | Found a snail-covered altar of Cheibriados.
   928 | D        | Found a burning altar of Makhleb.
   928 | D        | Found a hazy altar of Hepliaklqana.
   928 | D        | Found a shimmering altar of Xom.
   928 | D        | Found an opulent altar of Gozag.
   928 | D        | Found a sparkling altar of Nemelex Xobeh.
   928 | D        | Found a corrupted altar of Lugonu.
   928 | D        | Found a viscous altar of Jiyva.
  1119 | D        | Offered knowledge of Ignite Poison by Vehumet.
  1119 | D        | Reached *** piety under Vehumet
  1168 | D        | Noticed a two-headed ogre
  1173 | D        | Killed a two-headed ogre
  1276 | D        | Learned a level 3 spell: Ignite Poison
  1381 | D        | Noticed a two-headed ogre
  1381 | D        | Noticed Erolcha
  1394 | D        | Killed Erolcha
  1394 | D        | Offered knowledge of Airstrike by Vehumet.
  1394 | D        | Reached skill level 13 in Spellcasting
  1394 | D        | Reached XP level 9. HP: 30/55 MP: 12/28
  1400 | D        | Learned a level 4 spell: Airstrike
  1406 | D        | Killed a two-headed ogre
  1406 | D        | Reached **** piety under Vehumet
  1556 | D        | Offered knowledge of Iskenderun's Battlesphere by Vehumet.
  1556 | D        | Reached skill level 5 in Poison Magic
  1802 | D        | Reached ***** piety under Vehumet
  1802 | D        | Offered knowledge of Ozocubu's Refrigeration by Vehumet.
  1825 | D        | Reached skill level 5 in Air Magic
  1826 | D        | Reached skill level 5 in Short Blades
  2152 | D        | Noticed a queen bee
  2177 | D        | Reached ****** piety under Vehumet
  2177 | D        | Reached skill level 14 in Spellcasting
  2415 | D        | Offered knowledge of Bolt of Magma by Vehumet.
  2415 | D        | Reached skill level 5 in Ice Magic
  2422 | D        | Learned a level 5 spell: Bolt of Magma
  2433 | D        | Reached XP level 10. HP: 61/61 MP: 21/30
  2493 | D        | Reached skill level 10 in Dodging
  2493 | D        | Reached skill level 1 in Earth Magic
  2764 | D        | Offered knowledge of Freezing Cloud by Vehumet.
  3021 | D        | Noticed a spiny frog
  3021 | D        | Noticed a spiny frog
  3023 | D        | Killed a spiny frog
  3025 | D        | Killed a spiny frog
  3509 | D        | Offered knowledge of Bolt of Fire by Vehumet.
  3520 | D        | Reached skill level 15 in Spellcasting
  3725 | D        | Noticed a lindwurm
  3728 | D        | Killed a lindwurm
  3770 | D        | Noticed Urug
  3773 | D        | Reached skill level 10 in Fire Magic
  3774 | D        | Killed Urug
  3774 | D        | Reached XP level 11. HP: 67/67 MP: 17/32
  3782 | D        | Learned a level 6 spell: Bolt of Fire
  3866 | D        | Offered knowledge of Iron Shot by Vehumet.
  4051 | D        | Reached skill level 5 in Shields
  4072 | D        | Noticed Rupert
  4092 | D        | Killed Rupert
  4092 | D        | Offered knowledge of Orb of Destruction by Vehumet.
  4092 | D        | Reached skill level 16 in Spellcasting
  4092 | D        | Reached skill level 10 in Conjurations
  4092 | D        | Reached skill level 5 in Earth Magic
  4214 | D        | Noticed a death yak
  4215 | D        | Noticed a death yak
  4219 | D        | Noticed a death yak
  4221 | D        | Killed a death yak
  4221 | D        | Killed a death yak
  4223 | D        | Noticed a death yak
  4353 | D        | Killed a death yak
  4361 | D        | Killed a death yak
  4495 | D        | Noticed an azure jelly
  4495 | D        | Noticed an azure jelly
  4536 | D        | Noticed a swamp dragon
  4540 | D        | Killed a swamp dragon
  4540 | D        | Reached skill level 17 in Spellcasting
  4540 | D        | Reached XP level 12. HP: 61/73 MP: 22/35
  4878 | D        | Offered knowledge of Spellforged Servitor by Vehumet.
  4882 | D        | Found Hujur's Magic Scroll Shoppe.
  4882 | D        | Found Ytrutul's Jewellery Boutique.
  4908 | D        | HP: 3/74 [poison (poison gas)]
  4912 | D        | HP: 1/74 [poison (poison gas)]
  4913 | D        | Succumbed to poison (poison gas)

Vault maps used:
D:        dungeon_sprint_mu

Skill      XL: |  1  2  3  4  5  6  7  8  9 10 11 12 |
---------------+-------------------------------------+-----
Fighting       | 1 2 4 5 6 7 8 |  8.2
Spellcasting   | 4 5 6 7 10 12 13 14 15 17 | 17.2
Armour         | 1 2 4 5 6 7 8 |  8.2
Dodging        | 3 4 5 7 8 9 10 11 12 | 12.1
Conjurations   | 2 3 4 6 7 8 9 10 | 10.9
Fire Magic     | 4 5 7 8 9 10 11 | 11.2
Short Blades   | 2 4 5 6 7 8 |  8.1
Air Magic      | 2 4 5 6 8 |  8.2
Poison Magic   | 2 4 5 7 8 9 |  9.1
Ice Magic      | 1 3 5 6 8 |  8.4
Shields        | 1 2 3 4 5 6 |  6.1
Earth Magic    | 4 6 |  6.6
Stealth        | |  2.4

Action                   |  1- 3 |  4- 6 |  7- 9 | 10-12 || total
-------------------------+-------+-------+-------+-------++-------
Melee: Unarmed           |       |     6 |       |       ||     6
       Dagger            |       |       |    11 |     5 ||    16
 Cast: Flame Tongue      |    21 |     1 |    74 |    57 ||   153
       Throw Flame       |     1 |       |     1 |     3 ||     5
       Conjure Flame     |     1 |       |    15 |    11 ||    27
       Sticky Flame      |       |     4 |    17 |    11 ||    32
       Inner Flame       |       |       |     4 |       ||     4
       Mephitic Cloud    |       |       |     2 |     5 ||     7
       Ignite Poison     |       |       |     1 |     4 ||     5
       Fireball          |       |       |     1 |     2 ||     3
       Bolt of Magma     |       |       |       |    16 ||    16
       Bolt of Fire      |       |       |       |    22 ||    22
  Use: Scroll            |     3 |       |     1 |       ||     4
       Potion            |     2 |       |     2 |     3 ||     7
 Stab: Sleeping          |       |     2 |       |       ||     2
       Confused          |       |       |     1 |       ||     1
  Eat: Fruit             |       |       |     4 |       ||     4
       Royal jelly       |       |       |     2 |     2 ||     4
       Chunk             |       |       |       |     3 ||     3
       Bread ration      |       |       |       |     1 ||     1
Armor: Robe              |       |       |    10 |       ||    10
Dodge: Dodged            |     5 |     9 |    78 |    24 ||   116
